 Dungeon Crawl Stone Soup version 0.28.0-53-g5a82cb258f (webtiles) character file.

Game seed: 14614790426319931283

2417 dranuc9 the Destroyer (level 9, -6/52 HPs)
             Began as a Deep Elf Conjurer on July 18, 2022.
             Mangled by an orc warrior
             ... wielding a +0 glaive
              (25 damage)
             ... on level 6 of the Dungeon on July 19, 2022.
             The game lasted 01:01:04 (7887 turns).

dranuc9 the Destroyer (Deep Elf Conjurer)           Turns: 7887, Time: 01:01:04

Health: -6/52      AC:  3    Str:  4    XL:     9   Next: 23%
Magic:  10/23      EV: 13    Int: 28    God:
Gold:   239        SH:  0    Dex: 13    Spells: 14/24 levels left

rFire   . . .      SeeInvis .   (no weapon)
rCold   . . .      Faith    .   (no shield)
rNeg    . . .      Spirit   .   a - +0 robe
rPois   .          Reflect  .   (no helmet)
rElec   .          Harm     .   h - +0 cloak
rCorr   .          Rampage  .   (no gloves)
Will    .....                   (no boots)
Stlth   ++........              (no amulet)
HPRegen 0.17/turn               (no ring)
MPRegen 0.18/turn               (no ring)

@: no status effects
A: no striking features
a: no special abilities


You were on level 6 of the Dungeon.
You visited 1 branch of the dungeon, and saw 6 of its levels.
You also visited: Sewer.

You collected 239 gold pieces.

Inventory:

Missiles
 k - 16 poisoned darts
 l - a curare-tipped dart
 t - 2 throwing nets
Armour
 a - a +0 robe (worn)
 h - a +0 cloak (worn)
Jewellery
 s - a ring of protection from fire
Wands
 r - a wand of mindburst (14)
Scrolls
 e - a scroll of torment {unknown}
 j - 2 scrolls of teleportation {unknown}
 o - a scroll of brand weapon {unknown}
 q - 2 scrolls of identify {unknown}
 v - a scroll of noise {unknown}
 w - a scroll of fear {unknown}
Potions
 b - a potion of lignification {unknown}
 c - 3 potions of attraction {unknown}
 d - a potion of cancellation {unknown}
 f - 2 potions of heal wounds
 g - 2 potions of degeneration {unknown}
 i - a potion of ambrosia {unknown}
 m - a potion of curing
 n - a potion of flight
 p - a potion of might {unknown}
 u - a potion of resistance {unknown}


   Skills:
 * Level 3.9 Fighting
 + Level 3.5 Dodging
 + Level 3.9 Stealth
 + Level 8.2 Spellcasting
 * Level 10.6 Conjurations
 + Level 2.6 Earth Magic


You had 14 spell levels left.
You knew the following spells:

 Your Spells              Type           Power      Damage    Failure   Level
a - Magic Dart            Conj           100%       1d8       1%          1
b - Searing Ray           Conj           100%       2d8       1%          2
c - Stone Arrow           Conj/Erth      96%        3d13      1%          3
d - Fulminant Prism       Conj/Hex       20%        3d13      5%          4

Your spell library contained the following spells:

 Spells                   Type           Power      Damage    Failure   Level
 Sandblast                Erth           52%        2d12      1%          1
 Dazzling Flash           Conj/Hex       82%        N/A       1%          3
 Passwall                 Tmut/Erth      15%        N/A       4%          2
 Hailstorm                Conj/Ice       41%        3d10      5%          4
 Iskenderun's Mystic Bla  Conj/Tloc      41%        2d9       5%          4
 Lee's Rapid Deconstruct  Erth           13%        3d10*     41%         5
 Ice Form                 Ice/Tmut       11%        N/A       43%         4
 Summon Forest            Summ/Tloc      5%         N/A       80%         5
 Summon Mana Viper        Hex/Summ       11%        N/A       80%         5
 Simulacrum               Ice/Necr       5%         N/A       100%        6
 Summon Cactus Giant      Summ           5%         N/A       100%        6


Dungeon Overview and Level Annotations

Branches:
Dungeon (6/15)              Sewer (visited)
 Temple: D:4-7

Altars:

Shops:
D:3 *   D:5 (   D:6 [


Message History

The searing ray hits the orc warrior.
The orc warrior is heavily wounded.
The orc priest calls down the wrath of Beogh upon you.
You resist with significant effort.
The searing ray hits the orc warrior but does no damage.
The orc warrior is heavily wounded.
An orc priest comes into view. It is wielding a +0 dagger.
Casting: Searing Ray (safe; 1% risk of failure)
Confirm with . or Enter, or press ? or * to list all spells.
Restarting spell: Searing Ray (safe; 1% risk of failure)
Press: ? - help, Shift-Dir - straight line, f - orc priest, p - orc warrior
Aim: an orc priest, wielding a +0 dagger (83% to hit)
The searing ray misses the orc warrior.
The searing ray misses the orc priest. (Press . to maintain the ray.)
The orc warrior hits you from afar with a +0 glaive!
There are monsters nearby!
The searing ray misses the orc warrior.
The searing ray hits the orc priest.
The orc priest is moderately wounded.
The orc warrior hits you from afar with a +0 glaive!
The orc priest mumbles some strange prayers to Beogh against you.
Beogh smites you!
* * * LOW HITPOINT WARNING * * *
There is an open door here.
The orc priest calls upon Beogh to heal the orc priest.
The orc priest's wounds heal themselves!
The orc warrior closely misses you.
Casting: Searing Ray (safe; 1% risk of failure)
Confirm with . or Enter, or press ? or * to list all spells.
You don't know that spell.
Casting: Searing Ray (safe; 1% risk of failure)
Confirm with . or Enter, or press ? or * to list all spells.
Aiming: Stone Arrow (safe; 1% risk of failure)
Press: ? - help, Shift-Dir - straight line, f - orc priest
Aim: an orc priest, wielding a +0 dagger and wearing a +0 ring mail (79% to hit)
The stone arrow hits the orc priest!!
You kill the orc priest!
Things that are here:
a +0 dagger; a +0 ring mail; an orc corpse The orc warrior hits you from afar with a +0 glaive!!
You die...

.......#...# #.# ...........
.......#.#.###.# .........
.........#...#.######.#..........
....(.o#####.#.#.................
...........#.#.#.# ...<....
.......###'#)#.#.# .......
...............#.#
######........o#.# #
#..........@# # #...........# #
#...........# # #......†....# #
......).#...... ........#...####
.......#...# ......##.## ... #.#


You could see an orc warrior.

Vanquished Creatures
  A two-headed ogre (D:5)
  Sigmund (D:4)
  Menkaure (D:5)
  3 water moccasins
  A sky beast (D:5)
  An ogre (D:5)
  2 kobold brigands (Sewer)
  3 bullfrogs (D:6)
  A scorpion (D:6)
  2 bullfrog zombies
  4 hounds
  An orc priest (D:6)
  2 iguanas
  A centaur skeleton (D:5)
  2 bullfrog skeletons
  Ijyb (D:5)
  A hound skeleton (D:5)
  6 gnolls (D:5)
  11 adders
  A river rat (Sewer)
  A white imp (D:4)
  5 worms
  4 dart slugs
  2 orcs
  2 ball pythons (D:1)
  7 bats
  14 endoplasms
  4 giant cockroaches
  5 goblins
  5 hobgoblins
  2 jackals (Sewer)
  11 kobolds
  4 quokkas
  4 frilled lizards
  A jackal skeleton (D:4)
  10 rats
127 creatures vanquished.

Notes
Turn   | Place    | Note
-------+----------+-------------------------------------------
     0 | D:1      | dranuc9 the Deep Elf Conjurer began the quest for the Orb.
     0 | D:1      | Reached XP level 1. HP: 10/10 MP: 6/6
   162 | D:1      | Reached XP level 2. HP: 15/15 MP: 5/8
   165 | D:1      | Learned a level 2 spell: Searing Ray
   232 | D:1      | Reached skill level 5 in Conjurations
   770 | D:1      | Reached XP level 3. HP: 20/20 MP: 7/9
  1314 | D:1      | Found a faded altar of an unknown god.
  2095 | D:2      | Reached XP level 4. HP: 24/24 MP: 7/10
  2200 | D:2      | Reached skill level 6 in Conjurations
  2269 | D:2      | Reached skill level 1 in Fighting
  2633 | D:3      | Found Maecwoacw's Assorted Antiques.
  3081 | D:4      | Reached XP level 5. HP: 29/29 MP: 7/12
  3368 | D:4      | Found a glowing drain.
  3372 | Sewer    | Entered a sewer
  3514 | Sewer    | Reached skill level 7 in Conjurations
  3514 | Sewer    | Reached XP level 6. HP: 33/35 MP: 3/13
  3918 | Sewer    | Found a white marble altar of Elyvilon.
  4280 | D:3      | Learned a level 3 spell: Stone Arrow
  4545 | D:4      | Noticed Sigmund
  5116 | D:4      | Killed Sigmund
  5117 | D:4      | Reached XP level 7. HP: 40/40 MP: 9/16
  5365 | D:5      | Entered Level 5 of the Dungeon
  5365 | D:5      | Noticed a two-headed ogre
  5371 | D:5      | Killed a two-headed ogre
  5372 | D:5      | Reached skill level 9 in Conjurations
  5372 | D:5      | Reached skill level 1 in Earth Magic
  5372 | D:5      | Reached XP level 8. HP: 45/45 MP: 3/19
  5761 | D:5      | Found Demuh's Antique Weapon Emporium.
  6233 | D:5      | Noticed Ijyb
  6235 | D:5      | Noticed Menkaure
  6496 | D:5      | Killed Ijyb
  6636 | D:5      | Killed Menkaure
  6691 | D:5      | Reached skill level 10 in Conjurations
  6799 | D:5      | Learned a level 4 spell: Fulminant Prism
  7341 | D:6      | Reached XP level 9. HP: 43/51 MP: 12/22
  7430 | D:6      | Found Nafe Puun's Armour Shop.
  7887 | D:6      | Mangled by an orc warrior

Illustrated notes

Levels and vault maps discovered:
D:1:      psy_arrival_basics, layout_basic, shapermc_ecumenical_altar_acropolis,
          amcnicky_mini_corridor_feature, lemuel_old_faithful
D:2:      layout_basic
D:3:      layout_rooms, serial_shops, shop
D:4:      layout_layer_cave, gup_sewer_entry_bowl, uniq_sigmund
D:5:      layout_cave_pools, enter_ossuary_2, serial_shops, nicolae_shop_trees,
          uniq_ijyb, uniq_menkaure
D:6:      layout_basic, minmay_statues_item, nicolae_take_the_stairs

Skill      XL: |  1  2  3  4  5  6  7  8  9 |
---------------+----------------------------+-----
Conjurations   | 5 6 7 9 10 | 10.6
Fighting       | 1 2 3 |  3.9
Spellcasting   | 4 6 7 8 |  8.2
Stealth        | 3 |  3.9
Dodging        | 3 |  3.5
Earth Magic    | 1 2 |  2.6

Action                   |  1- 3 |  4- 6 |  7- 9 || total
-------------------------+-------+-------+-------++-------
 Cast: Magic Dart        |    83 |   113 |    42 ||   238
       Searing Ray       |     2 |     6 |    31 ||    39
       Stone Arrow       |       |     3 |    23 ||    26
  Use: Potion            |       |     1 |       ||     1
Armor: Robe              |     1 |     1 |     3 ||     5
Dodge: Dodged            |     2 |     4 |    21 ||    27
